 Dungeon Crawl Stone Soup version 0.19-a0-305-g4c536b9 (webtiles) character file.

165 Delvonshi the Skirmisher (level 5, 0/59 HPs)
             Began as an Ogre Monk on May 27, 2016.
             Slain by Sigmund
             ... wielding a +4 scythe of distortion
              (9 damage)
             ... on level 3 of the Dungeon.
             The game lasted 00:10:51 (3211 turns).

Delvonshi the Skirmisher (Ogre Monk)                Turns: 3211, Time: 00:10:52

Health: 0/59       AC:  5    Str: 17    XL:     5   Next: 46%
Magic:  5/5        EV:  9    Int:  9    God:
Gold:   132        SH:  0    Dex: 12    Spells: 0 memorised, 4 levels left

rFire  . . .     SeeInvis .       - Unarmed
rCold  . . .     Gourm    .     j - quicksilver dragon hide
rNeg   . . .     Faith    .     (no shield)
rPois  .         Spirit   .     (helmet restricted)
rElec  .         Dismiss  .     (no cloak)
rCorr  +         Reflect  .     (gloves unavailable)
SustAt .         Harm     .     (boots unavailable)
MR     +....                    (no amulet)
Stlth  +.........               (no ring)
                                r - ring of resist corrosion

@: about to teleport, somewhat resistant to hostile enchantments, very
unstealthy
A: unfitting armour, tough skin 1
a: no special abilities


You were on level 3 of the Dungeon.
You were not hungry.

You visited 1 branch of the dungeon, and saw 3 of its levels.

You collected 132 gold pieces.

Inventory:

Hand Weapons
 p - a +0 blowgun
Armour
 a - a +0 robe
 j - a quicksilver dragon hide (worn)
Jewellery
 r - a ring of resist corrosion (left hand)
Scrolls
 c - 3 scrolls of identify {unknown}
 d - a scroll of enchant weapon {unknown}
 g - a scroll of immolation {unknown}
 h - a scroll of remove curse {unknown}
 l - a scroll of random uselessness {unknown}
 o - a scroll of magic mapping {unknown}
Potions
 e - a potion of heal wounds {unknown}
 k - 2 potions of cancellation {unknown}
Comestibles
 b - 3 bread rations
 f - 2 beef jerkies
 i - 2 royal jellies
 m - a meat ration
 n - 4 chunks of flesh


   Skills:
 + Level 6.1 Fighting
 - Level 2.6 Dodging
 - Level 1.5 Stealth
 + Level 5.0 Unarmed Combat


You had 4 spell levels left.
You didn't know any spells.

Dungeon Overview and Level Annotations

Branches:
Dungeon (3/15)

Altars:
Elyvilon
Hepliaklqana
Makhleb
Okawaru
Ru
Yredelemnul
Zin

Annotations:
D:3 Sigmund


Innate Abilities, Weirdness & Mutations

You are too large for most types of armour.
You have tough skin. (AC +1)


Message History

Sigmund completely misses you.
You hit Sigmund but do no damage.
Sigmund is moderately wounded.
You closely miss Sigmund.
Sigmund is moderately wounded.
Sigmund hits you with a scythe of distortion.
You blink.
Sigmund hits you with a scythe of distortion!
You feel strangely unstable.
You hit Sigmund but do no damage.
Sigmund is moderately wounded.
Sigmund hits you with a scythe of distortion.
Space warps horribly around you!
* * * LOW HITPOINT WARNING * * *
You closely miss Sigmund.
Sigmund is moderately wounded.
You hit Sigmund but do no damage.
Sigmund is moderately wounded.
Sigmund hits you with a scythe of distortion!
You die...

..# .< .. # .... ##
#####.###########(
#...........$.(.).
#.........(.(.....
#...........(.....
#.@#......(.(.....
#@##......?.......
#######.##......@.......
#.......##..............
#.8#8..##......<........
#.#?#..##.#....(........
#.8#8..## ##............
#.....## #####.###....
###...# ##.##..(.. #...#
#......#.(


You could see Sigmund.

Vanquished Creatures
  Ijyb (D:3)
  Jessica (D:2)
  4 gnolls (D:2)
  An adder (D:3)
  2 worms (D:2)
  4 giant geckos
  3 orcs
  6 giant cockroaches
  4 goblins
  2 hobgoblins
  9 kobolds
  2 quokkas
  3 bats
  6 giant newts
  8 rats
  A spectral orc (D:3)
57 creatures vanquished.

Notes
Turn   | Place    | Note
--------------------------------------------------------------
     0 | D:1      | Delvonshi the Ogre Monk began the quest for the Orb.
     0 | D:1      | Reached XP level 1. HP: 24/24 MP: 1/1
   469 | D:1      | Reached XP level 2. HP: 33/33 MP: 2/2
  1117 | D:2      | Found a hazy altar of Hepliaklqana.
  1120 | D:2      | Found an iron altar of Okawaru.
  1122 | D:2      | Found a glowing silver altar of Zin.
  1122 | D:2      | Found a sacrificial altar of Ru.
  1134 | D:2      | Found a white marble altar of Elyvilon.
  1187 | D:2      | Reached XP level 3. HP: 40/40 MP: 3/3
  1189 | D:2      | Found a burning altar of Makhleb.
  1634 | D:2      | Reached skill level 5 in Fighting
  1641 | D:2      | Reached XP level 4. HP: 14/50 MP: 4/4
  2791 | D:3      | Found a basalt altar of Yredelemnul.
  2849 | D:3      | Noticed Ijyb
  2854 | D:3      | Noticed Jessica
  3114 | D:3      | Killed Ijyb
  3114 | D:3      | Reached XP level 5. HP: 57/59 MP: 5/5
  3130 | D:3      | Noticed Sigmund
  3142 | D:2      | Killed Jessica
  3142 | D:2      | Reached skill level 6 in Fighting
  3142 | D:2      | Reached skill level 5 in Unarmed Combat
  3211 | D:3      | Slain by Sigmund

Vault maps used:
D:1:      dpeg_arrival_boxorama
D:2:      lemuel_crystal_altar, minitemple, first_bread
D:3:      yredelemnul_forgotten_temple_becter, minmay_statues_item, uniq_iyjb,
          uniq_jessica, uniq_sigmund

Skill      XL: |  1  2  3  4  5 |
---------------+----------------+-----
Unarmed Combat | 4 5 |  5.0
Fighting       | 5 6 |  6.1
Dodging        | |  2.6
Stealth        | |  1.5

Action                   |  1- 3 |  4- 6 || total
-------------------------+-------+-------++-------
Melee: Unarmed           |    98 |   115 ||   213
       Punch             |     3 |     1 ||     4
 Fire: Blowgun           |       |     8 ||     8
  Use: Potion            |     2 |       ||     2
 Stab: Sleeping          |     6 |       ||     6
  Eat: Chunk             |     1 |     6 ||     7
Armor: Robe              |    14 |     1 ||    15
       Quicksilver drago |       |    64 ||    64
Dodge: Dodged            |    32 |    64 ||    96
